 Dungeon Crawl Stone Soup version 0.29.0-11-gd7f09526c8 (webtiles) character file.

Game seed: 9662983717088982657

1827 greasedhog the Covert (level 8, -2/49 HPs)
             Began as a Vampire Abyssal Knight on Sept 2, 2022.
             Was an Elder of Lugonu.
             Slain by a wight
             ... wielding a +0 falchion
              (5 damage)
             ... on level 6 of the Dungeon.
             The game lasted 00:08:47 (6253 turns).

greasedhog the Covert (Vampire Abyssal Knight)      Turns: 6253, Time: 00:08:48

Health: -2/49      AC:  5    Str:  8 (10) XL:     8   Next: 86%
Magic:  10/10      EV: 11    Int: 10 (12) God:    Lugonu [****..]
Gold:   233        SH:  0    Dex: 15 (17) Spells: 7/7 levels left

rFire   . . .      SeeInvis +   a - +1 short sword
rCold   + + .      Faith    .   (no shield)
rNeg    + + +      Spirit   .   b - +0 leather armour
rPois   ∞          Reflect  .   q - +0 helmet
rElec   .          Harm     .   (no cloak)
rCorr   +          Rampage  .   k - +0 pair of gloves
Will    .....                   (no boots)
Stlth   +++++++...              (no amulet)
HPRegen 0.00/turn               e - ring of resist corrosion
MPRegen 0.12/turn               (no ring)

@: bloodless, inhibited regen
A: bloodless, fangs 3, see invisible, vampiric 2, weak 1
a: Bat Form, Revivify, Renounce Religion, Depart the Abyss, Bend Space, Banish,
Corrupt


You were on level 6 of the Dungeon.
You worshipped Lugonu.
Lugonu was greatly pleased with you.
You visited 2 branches of the dungeon, and saw 7 of its levels.
You visited the Abyss 1 time.

You collected 233 gold pieces.

Inventory:

Hand Weapons
 a - a +1 short sword (weapon)
Missiles
 d - 2 throwing nets
Armour
 b - a +0 leather armour (worn)
 k - a +0 pair of gloves (worn)
 q - a +0 helmet (worn)
Jewellery
 e - a ring of resist corrosion (left hand)
Wands
 l - a wand of paralysis (1)
 m - a wand of roots (8)
 s - a wand of quicksilver (12)
Scrolls
 c - a scroll of fear
 g - 6 scrolls of teleportation
 j - a scroll of amnesia {unknown}
 t - a scroll of noise {unknown}
 u - 3 scrolls of identify
 v - a scroll of enchant armour {unknown}
Potions
 f - a potion of might
 h - a potion of lignification {unknown}
 i - a potion of ambrosia {unknown}
 n - a potion of mutation
 o - a potion of heal wounds {unknown}
 p - a potion of magic {unknown}
 r - a potion of resistance {unknown}


   Skills:
 - Level 5.2 Fighting
 - Level 6.0 Short Blades
 - Level 0.7 Armour
 - Level 2.1 Dodging
 * Level 12.4 Stealth
 * Level 3.7 Invocations


You had 7 spell levels left.
You didn't know any spells.
Your spell library was empty.

Dungeon Overview and Level Annotations

Branches:
Dungeon (6/15)             Temple (1/1) D:4

Altars:
Fedhas
Sif Muna

Shops:
D:4 *

Annotations:
D:4 exclusion: oklob plant


Innate Abilities, Weirdness & Mutations

You do not regenerate when monsters are visible.
You are frail without blood (-20% HP).
You can heal yourself when you bite living creatures.
You are immune to poison.
You have razor-sharp teeth.
You have supernaturally acute eyesight. (SInv)
You are afflicted with vampirism and can become a bat while bloodless.
You are weak. (Str -2)


Message History

The wight hits you with a +0 falchion.
You barely miss the wight. You bite the wight.
The wight is severely damaged.
The wight barely misses you.
You hit the wight but do no damage.
The wight is severely damaged.
The wight hits you with a +0 falchion.
You hit the wight but do no damage.
The wight is severely damaged.
You hit the wight but do no damage.
The wight is severely damaged.
The wight hits you with a +0 falchion!
* * * LOW HITPOINT WARNING * * *
You hit the wight.
The wight is severely damaged.
The wight hits you but does no damage.
You hit the wight but do no damage.
The wight is severely damaged.
The wight hits you with a +0 falchion.
* * * LOW HITPOINT WARNING * * *
You hit the wight but do no damage.
The wight is severely damaged.
The wight closely misses you.
You barely miss the wight.
The wight is severely damaged.
You barely miss the wight. You punch the wight, but do no damage.
The wight is severely damaged.
The wight hits you with a +0 falchion.
* * * LOW HITPOINT WARNING * * *
You barely miss the wight.
The wight is severely damaged.
The wight barely misses you.
It was a potion of mutation.
You feel extremely strange.
You feel weaker. The wight barely misses you.
You hit the wight but do no damage. Your punch misses the wight.
You bite the wight, but do no damage.
The wight is severely damaged.
The wight hits you with a +0 falchion.
You die...

###.[.. #.#
.....############ #.#
.....#..........###.#
.....#'########.#...#
........# #.#...#
........# #.#...##
........# #.#...)#
.....#.##
#.##.#....z# .....#.#
#.@z$#..##.# ######.#
####.#.## # #.# #.#..
# #.# #.##. ... .>#
.# #.. #.( .# ### #.#
.# #..!.....


You could see a wight.

Vanquished Creatures
  Sigmund (D:2)
  A wyvern (D:5)
  Menkaure (D:5)
  An orc warrior (D:6)
  An ice beast (D:5)
  3 ogres
  2 phantoms
  A scorpion (D:5)
  A wight (D:6)
  A howler monkey (D:6)
  3 orc priests
  6 hounds
  2 jellies
  Ijyb (D:3)
  An iguana (D:5)
  2 orc wizards (D:5)
  7 adders
  4 gnolls (D:2)
  An ufetubus (D:5)
  2 worms (D:4)
  2 dart slugs
  13 orcs
  8 endoplasms
  5 giant cockroaches
  11 goblins
  6 hobgoblins
  6 jackals
  3 kobolds
  3 quokkas
  10 ball pythons
  5 bats
  3 frilled lizards (D:1)
  6 rats
123 creatures vanquished.

Notes
Turn   | Place    | Note
-------+----------+-------------------------------------------
     0 | Abyss:1  | greasedhog the Vampire Abyssal Knight began the quest for
                  | the Orb.
     0 | Abyss:1  | Reached XP level 1. HP: 17/17 MP: 2/2
     1 | D:1      | Escaped the Abyss
    53 | D:1      | Reached skill level 1 in Stealth
   160 | D:1      | Reached XP level 2. HP: 22/23 MP: 3/3
   167 | D:1      | Reached skill level 2 in Stealth
   246 | D:1      | Reached *** piety under Lugonu
   366 | D:1      | Reached skill level 3 in Stealth
   368 | D:1      | Gained mutation: You are afflicted with vampirism and can
                  | become a bat while bloodless. [Vampire growth]
   368 | D:1      | Reached XP level 3. HP: 28/28 MP: 4/4
   493 | D:1      | Found a faded altar of an unknown god.
   785 | D:2      | Noticed Sigmund
   809 | D:2      | Killed Sigmund
   810 | D:2      | Reached skill level 5 in Stealth
   810 | D:2      | Reached XP level 4. HP: 18/27 MP: 5/5
   810 | D:2      | Reached XP level 5. HP: 21/31 MP: 6/6
   977 | D:2      | Reached skill level 6 in Stealth
  1113 | D:2      | Reached skill level 5 in Short Blades
  1903 | D:3      | Reached XP level 6. HP: 35/36 MP: 7/7
  2140 | D:3      | Noticed Ijyb
  2147 | D:3      | Killed Ijyb
  2319 | D:3      | Reached skill level 7 in Stealth
  2342 | D:3      | Found a shimmering blue altar of Sif Muna.
  3052 | D:4      | Found Neteer's Elemental Accessories.
  3106 | D:4      | Found a blossoming altar of Fedhas.
  3135 | D:4      | Noticed an oklob plant
  3307 | D:4      | Reached skill level 8 in Stealth
  3307 | D:4      | Reached XP level 7. HP: 40/40 MP: 8/8
  3409 | D:4      | Reached **** piety under Lugonu
  3573 | D:4      | Found a staircase to the Ecumenical Temple.
  3582 | Temple   | Entered the Ecumenical Temple
  3628 | D:5      | Entered Level 5 of the Dungeon
  3676 | D:5      | Reached skill level 9 in Stealth
  4365 | D:5      | Reached skill level 10 in Stealth
  4367 | D:5      | Reached XP level 8. HP: 37/48 MP: 9/9
  4864 | D:5      | Noticed Menkaure
  4871 | D:5      | Killed Menkaure
  4914 | D:5      | Reached skill level 5 in Fighting
  4914 | D:5      | Reached skill level 11 in Stealth
  5692 | D:6      | Reached skill level 12 in Stealth
  6252 | D:6      | Gained mutation: You are weak. (Str -2) [potion of
                  | mutation]
  6253 | D:6      | Slain by a wight

Illustrated notes

Levels and vault maps discovered:
D:1:      minmay_arrival_floating_metal, layout_rooms,
          shapermc_ecumenical_altar_pompeii, minmay_split_cup_small
D:2:      layout_basic, minmay_misc_feat_enclosed, uniq_sigmund
D:3:      layout_loops_ring, mainiacjoe_overflow_cross_hatched, uniq_ijyb
D:4:      layout_loops_ring, tgw_fedhas, minmay_temple_entry_fiery,
          nicolae_elemental_shop
D:5:      layout_cave_pools, kennysheep_pointless_box, uniq_menkaure
D:6:      layout_basic
Temple:   bh_familiar_temple

Skill      XL: |  1  2  3  4  5  6  7  8 |
---------------+-------------------------+-----
Stealth        | 1 3 5 6 8 10 12 | 12.4
Short Blades   | 3 4 5 6 |  6.0
Fighting       | 4 5 |  5.2
Invocations    | 3 |  3.7
Armour         | |  0.7
Dodging        | |  2.1

Action                   |  1- 3 |  4- 6 |  7- 9 || total
-------------------------+-------+-------+-------++-------
Melee: Short sword       |    97 |   154 |   155 ||   406
       Bite              |     6 |    17 |    22 ||    45
       Punch             |       |     1 |     3 ||     4
 Abil: Exsanguinate      |     1 |       |       ||     1
       End Transformatio |       |       |     1 ||     1
       Bat Form          |       |       |     1 ||     1
Evoke: Wand              |       |       |     6 ||     6
  Use: Scroll            |     1 |     2 |       ||     3
       Potion            |     2 |       |     2 ||     4
 Stab: Sleeping          |     4 |    20 |    16 ||    40
       Distracted        |     1 |     2 |     1 ||     4
       Paralysed         |       |       |     3 ||     3
Armor: Leather armour    |    29 |    24 |    36 ||    89
Dodge: Dodged            |    69 |    78 |    99 ||   246
